 Dungeon Crawl Stone Soup version 0.30-a0-782-ge64f9170bb (webtiles) character file.

Game seed: 3060347445448643132

228120 Kis the Stickfighter (level 18, -25/173 HPs)
             Began as a Minotaur Chaos Knight on Feb 16, 2023.
             Was a Plaything of Xom.
             Annihilated by an azure jelly (39 damage)
             ... while paralysed by a great orb of eyes
             ... on level 5 of the Pits of Slime on Feb 27, 2023.
             The game lasted 15:59:28 (37665 turns).

Kis the Stickfighter (Minotaur Chaos Knight)       Turns: 37665, Time: 15:59:28

Health: -25/173    AC: 18    Str: 30    XL:     18   Next: 26%
Magic:  22/25      EV:  2    Int: 15    God:    Xom [.....*]
Gold:   3059       SH:  0    Dex: 24    Spells: 4/27 levels left

rFire   + . .      SeeInvis +    K - +9 glaive of Bread {freeze, Str+2 Dex+2}
rCold   . . .      Faith    +    (shield currently unavailable)
rNeg    . . .      Spirit   .    n - +3 steam dragon scales
rPois   +          Reflect  .    A - +2 hat
rElec   +          Harm     +    S - +2 cloak
rCorr   +          Rampage  .    w - +0 pair of gloves
Will    .....      Clarity  +    B - +1 pair of boots of Fapaic {rCorr SInv}
Stlth   +++++                    J - amulet "Buqas" {Faith Harm Will- Str+4 Dex+6}
HPRegen 1.28/turn                F - ring of Dovewk {Wiz rC+ Str+3 Slay-2}
MPRegen 0.19/turn                L - ring of Woorig {rPois rC- Dex+6 Slay+3}

@: paralysed, studying Summonings
A: horns 2, retaliatory headbutt, hooves 1, clarity, clever 1, deterioration 1,
fire resistance 1, mutation resistance 1, regeneration 1, electricity resistance
}: 2/15 runes: barnacled, gossamer
a: Renounce Religion


You were on level 5 of the Pits of Slime.
You worshipped Xom.
You were Xom's teddy bear.
You visited 6 branches of the dungeon, and saw 33 of its levels.
You also visited: Ossuary and Volcano.

You collected 3831 gold pieces.
You spent 772 gold pieces at shops.

Inventory:

Hand Weapons
 f - the +9 quarterstaff "Mayfa" {heavy, rN+ rCorr SInv}
   (You took it off a kobold demonologist on level 10 of the Dungeon)

   rN:        It protects you from negative energy.
   SInv:      It lets you see invisible.
   rCorr:     It protects you from acid and corrosion.
 x - the +7 quarterstaff of Himulotz {drain, rF+ Will- Int+2}
   (You found it in a volcano)

   Int:       It affects your intelligence (+2).
   rF:        It protects you from fire.
   Will:      It decreases your willpower.
 y - a +9 quarterstaff of chaos
 K - the +9 glaive of Bread (weapon) {freeze, Str+2 Dex+2}
   (You found it on level 4 of the Shoals)

   Str:       It affects your strength (+2).
   Dex:       It affects your dexterity (+2).
 Z - the +0 staff of Battle
   (Xom gifted it to you on level 2 of the Lair of Beasts)

   It enhances your conjuration magic.
   It summons a battlesphere in combat, with strength depending on Conjurations
   skill.
   Its strikes trigger the battlesphere's blasts.
Missiles
 g - 2 silver javelins
 u - 4 silver boomerangs (quivered)
 I - 24 poisoned darts
 V - a throwing net
Armour
 n - +3 steam dragon scales (worn)
 w - a +0 pair of gloves (worn)
 A - a +2 hat (worn)
 B - the +1 pair of boots of Fapaic (worn) {rCorr SInv}
   (Xom gifted it to you on level 5 of the Lair of Beasts)

   SInv:      It lets you see invisible.
   rCorr:     It protects you from acid and corrosion.
 C - a scarf of invisibility
 S - a +2 cloak (worn)
Jewellery
 h - a ring of positive energy
 m - a +5 ring of evasion
 p - the ring "Ipsua" {rPois rC+ Int+2 Dex-2}
   (You found it on level 2 of the Spider Nest)

   [ring of poison resistance]

   Int:       It affects your intelligence (+2).
   Dex:       It affects your dexterity (-2).
   rC:        It protects you from cold.
   rPois:     It protects you from poison.
 s - a +6 ring of intelligence
 F - the ring of Dovewk (left hand) {Wiz rC+ Str+3 Slay-2}
   (You found it on level 5 of the Lair of Beasts)

   [ring of wizardry]

   It improves your spell success rate.
   Str:       It affects your strength (+3).
   Slay:      It affects your accuracy & damage with ranged weapons and melee
   (-2).
   rC:        It protects you from cold.
 G - the ring of Mistrust {Fire Int+2}
   (You found it on level 4 of the Shoals)

   [ring of fire]

   It enhances your fire magic.
   Int:       It affects your intelligence (+2).
   rF:        It protects you from fire.
   rC:        It makes you vulnerable to cold.
 J - the amulet "Buqas" (around neck) {Faith Harm Will- Str+4 Dex+6}
   (You found it on level 4 of the Shoals)

   [amulet of faith]

   It allows you to gain divine favour quickly.
   Str:       It affects your strength (+4).
   Dex:       It affects your dexterity (+6).
   Harm:      It increases damage dealt and taken.
   Will:      It decreases your willpower.
 L - the ring of Woorig (right hand) {rPois rC- Dex+6 Slay+3}
   (Xom gifted it to you on level 5 of the Dungeon)

   [ring of dexterity]

   Dex:       It affects your dexterity (+6).
   Slay:      It affects your accuracy & damage with ranged weapons and melee
   (+3).
   rC:        It makes you vulnerable to cold.
   rPois:     It protects you from poison.
 O - an amulet of guardian spirit
 W - a +6 ring of intelligence
Wands
 d - a wand of digging (2)
 i - a wand of acid (4)
 o - a wand of mindburst (14)
 Q - a wand of flame (46)
 T - a wand of charming (31)
 U - a wand of polymorph (7)
Scrolls
 e - a scroll of brand weapon
 j - 2 scrolls of enchant weapon
 l - 5 scrolls of amnesia
 q - 8 scrolls of teleportation
 E - 8 scrolls of poison
 M - 2 scrolls of fog
 P - 8 scrolls of identify
Potions
 a - 9 potions of mutation
 b - 3 potions of curing
 k - 5 potions of brilliance
 t - 2 potions of magic
 D - 3 potions of lignification
 H - 6 potions of flight
 N - 11 potions of attraction
 X - 3 potions of cancellation
 Y - 19 potions of ambrosia
Miscellaneous
 c - a piece from Xom's chessboard (15/15)
 R - a box of beasts


   Skills:
 + Level 18.7 Fighting
 + Level 6.3(13.9) Maces & Flails
 + Level 11.3(16.4) Polearms
 + Level 19.0(20.4) Staves
 + Level 2.4 Throwing
 + Level 7.5 Armour
 + Level 16.1 Dodging
 + Level 11.2 Stealth
 + Level 5.4 Spellcasting
 + Level 1.8 Conjurations
 + Level 2.0 Hexes
 + Level 6.3 Summonings
 + Level 3.5 Ice Magic
 + Level 5.0 Evocations


You had 4 spell levels left.
You knew the following spells:

 Your Spells              Type           Power      Damage    Failure   Level
a - Dazzling Flash        Conj/Hex       18%        N/A       9%          3
b - Tukima's Dance        Hex            10%        N/A       9%          3
c - Call Canine Familiar  Summ           22%        N/A       1%          3
d - Portal Projectile     Hex/Tloc       14%        N/A       12%         3
e - Frozen Ramparts       Ice            28%        1d5       4%          3
f - Summon Ice Beast      Ice/Summ       18%        N/A       9%          4
g - Cause Fear            Hex            5%         N/A       26%         4

Your spell library contained the following spells:

 Spells                   Type           Power      Damage    Failure   Level
 Apportation              Tloc           8%         N/A       6%          1
 Inner Flame              Hex/Fire       7%         N/A       12%         3
 Animate Armour           Summ/Erth      26%        N/A       16%         4
 Kindle Blastsparks       Fire/Tloc/Air  8%         2d10      19%         3
 Fulminant Prism          Conj/Hex       4%         3d5       26%         4
 Ice Form                 Ice/Tmut       9%         N/A       28%         4
 Anguish                  Hex/Necr       3%         N/A       38%         4
 Iskenderun's Mystic Bla  Conj/Tloc      6%         2d4       38%         4
 Leda's Liquefaction      Hex/Erth       3%         N/A       38%         4
 Manifold Assault         Tloc           4%         N/A       50%         4
 Passage of Golubria      Tloc           4%         N/A       50%         4
 Silence                  Hex/Air        3%         N/A       71%         5
 Yara's Violent Unravell  Hex/Tmut       3%         3d4       71%         5
 Agony                    Necr           4%         N/A       83%         5
 Alistair's Intoxication  Tmut/Pois      2%         N/A       83%         5
 Blade Hands              Tmut           2%         N/A       83%         5
 Lee's Rapid Deconstruct  Erth           2%         3d4*      83%         5
 Iron Shot                Conj/Erth      3%         9d2       99%         6
 Starburst                Conj/Fire      3%         6d3       99%         6
 Dispersal                Tloc           2%         N/A       100%        6
 Dragon Form              Tmut           2%         N/A       100%        7
 Enfeeble                 Hex            5%         N/A       100%        7
 Discord                  Hex            5%         N/A       100%        8
 Disjunction              Tloc           2%         N/A       100%        8
 Dragon's Call            Summ           11%        N/A       100%        9


Dungeon Overview and Level Annotations

Branches:
Dungeon (13/15)            Temple (0/1) D:4            Lair (5/5) D:11
 Shoals (4/4) Lair:2       Spider (4/4) Lair:2        Slime (5/5) Lair:5
    Orc (2/2) D:11            Elf (0/3) Orc:2       Ossuary (visited)
Volcano (visited)
 Vaults: D:13-14

Altars:
Cheibriados
Elyvilon
Gozag
Sif Muna
Xom
Jiyva

Shops:
D:2 !   D:7 =   Orc:1 *   Orc:2 ?*!*   Shoals:1 *   Shoals:4 *

Annotations:
D:8 3 runed translucent doors
D:12 Frances; Rupert
Shoals:1 3 runed translucent doors, 2 transporters, exclusion: orange crystal statue, Yvi Waipe's ghost, adept DsGl


Innate Abilities, Weirdness & Mutations

You have a pair of horns on your head.
You reflexively headbutt those who attack you in melee.
You have large cloven feet.
You possess an exceptional clarity of mind.
Your mind is acute. (Int +4, Str/Dex -1)
Your body sometimes deteriorates upon taking damage.
Your flesh is heat resistant. (rF+)
You are somewhat resistant to further mutation.
Your natural rate of healing is unusually fast.
You are resistant to electric shocks. (rElec)


Message History

The azure jelly misses you. The azure jelly closely misses you.
The azure jelly misses you. You furiously retaliate!
You headbutt the azure jelly! The azure jelly hits you.
The azure jelly freezes you!!!
The azure jelly hits you but does no damage.
The azure jelly hits you. The great orb of eyes gazes at you.
You feel your power leaking away. The slime creature misses you.
There is a stone staircase leading up, spattered with blood here.
Xom asks Qazlal to spice things up a little.
The azure jelly closely misses you. You furiously retaliate!
You headbutt the azure jelly.
The azure jelly hits you but does no damage.
The azure jelly completely misses you.
The azure jelly hits you but does no damage. x2
The azure jelly closely misses you. The azure jelly hits you.
The azure jelly hits you but does no damage.
The slime creature completely misses you.
The great orb of eyes gazes at you.
You suddenly lose the ability to move!
You stop ascending the stairs.
The azure jelly hits you but does no damage. x5
The azure jelly hits you. The azure jelly freezes you!!
* * * LOW HITPOINT WARNING * * *
The azure jelly hits you but does no damage.
The azure jelly hits you!
* * * LOW HITPOINT WARNING * * *
The slime creature hits you but does no damage.
The azure jelly hits you but does no damage. x2
The azure jelly barely misses you.
The azure jelly hits you but does no damage. x4
The azure jelly hits you.
* * * LOW HITPOINT WARNING * * *
The slime creature hits you.
* * * LOW HITPOINT WARNING * * *
The azure jelly hits you.
* * * LOW HITPOINT WARNING * * *
The azure jelly freezes you!!
You die...
Xom is highly amused!

...................
##..................
##...................
#...................#
##...........^........
.....................#
...........§.§......#
...........G§§......#
...........J@§.......#
...........JJ§.#.#....
.............#.### #..
.............### #
..........####
..........#
............
...........##
............


You could see 2 azure jellies, a great orb of eyes and a slime creature.

Vanquished Creatures
  Dissolution (Slime:1)
  8 acid blobs
  A kraken (Shoals:2)
  6 rockslimes
  Kirke (Shoals:3)
  A shadow dragon (Slime:1)
  6 azure jellies
  Donald (Spider:1)
  4 emperor scorpions
  A frost giant (Shoals:4)
  Louise (Shoals:3)
  Aizul (Shoals:4)
  2 ghost moths (Spider:4)
  6 quicksilver oozes
  3 broodmothers
  Nessos (D:12)
  3 dire elephants (Lair:5)
  A spark wasp (Spider:4)
  3 merfolk javelineers (Shoals:4)
  5 merfolk impalers
  2 ettins
  60 slime creatures
  Snorg (D:10)
  Josephine (Orc:2)
  An entropy weaver (Spider:2)
  Fannar (D:12)
  2 ogre magi
  A jorogumo (Spider:3)
  2 alligator snapping turtles
  2 catoblepae (Lair:5)
  4 hydras
  An anaconda (Shoals:2)
  3 merfolk avatars
  2 centaur warriors
  4 boulder beetles
  4 merfolk aquamancers
  A radroach (Spider:3)
  An alligator (Spider:4)
  7 two-headed ogres
  7 death yaks (Lair:5)
  A satyr (Shoals:2)
  2 spectral death yaks (Lair:5)
  A pharaoh ant (Spider:3)
  3 skysharks
  A sun moth (Spider:4)
  A spectral anaconda (Lair:5)
  8 orb spiders
  9 sea snakes
  2 deep trolls (Orc:2)
  2 obsidian statues
  A swamp dragon (Lair:4)
  4 steelbarb worms
  13 harpies
  An orc knight (Orc:1)
  3 necromancers (Lair:5)
  2 orc sorcerers (Orc:2)
  13 manticores
  13 fauns
  A shining eye (Slime:4)
  5 cyclopes
  14 wolf spiders
  11 elephants
  A moth of wrath (Spider:4)
  An ugly thing (D:11)
  Maurice (D:8)
  A water nymph (Shoals:1)
  A dire elephant zombie (Lair:5)
  A torpor snail (Spider:2)
  14 merfolk sirens
  2 eyes of devastation
  5 demonic crawlers
  7 black mambas
  A gargoyle (D:11)
  Maggie (D:6)
  A dire elephant skeleton (Lair:5)
  4 kobold demonologists
  4 rime drakes
  7 cane toads
  2 unseen horrors (D:11)
  An unseen horror (shapeshifter) (Spider:4)
  2 ice devils (D:12)
  A komodo dragon (shapeshifter) (Lair:5)
  5 komodo dragons
  6 hornets (Spider:4)
  16 merfolk
  7 trolls
  A queen bee (D:10)
  3 polar bears
  9 wind drakes
  A polar bear (shapeshifter) (Lair:2)
  21 tarantellas
  28 blink frogs
  2 dream sheep (Shoals:4)
  Prince Ribbit (D:7)
  23 jumping spiders
  11 snapping turtles
  7 culicivoras
  3 shadows
  6 water elementals
  10 wraiths
  Sigmund (D:3)
  7 fire bats (Volcano)
  3 wyverns
  48 yaks
  2 vampires
  A human (Lair:3)
  A hog (Shoals:3)
  11 golden eyes (Slime:1)
  6 nameless horrors
  A steam dragon (D:7)
  4 vampire mosquitoes
  A warg (Orc:2)
  45 redbacks
  A swamp worm (Orc:2)
  Menkaure (D:4)
  2 acid dragons
  11 water moccasins
  Duvessa (D:7)
  A swamp drake (D:11)
  An ice beast (D:6)
  7 orc warriors
  3 sky beasts
  A black bear (D:6)
  5 elephant zombies (Lair:5)
  20 ogres
  A centaur (D:10)
  A phantom (D:6)
  2 kobold brigands
  7 bullfrogs
  A cane toad simulacrum (Lair:5)
  3 necrophages
  An elf skeleton (D:4)
  A gnoll sergeant (D:10)
  8 scorpions
  5 wights (D:7)
  Dowan (D:7)
  37 killer bees
  An elephant simulacrum (Lair:5)
  A howler monkey (D:9)
  6 lava snakes (Volcano)
  4 centaur zombies (Ossuary)
  4 human zombies
  4 jellies
  14 orc priests
  Crazy Yiuf (D:3)
  3 hounds
  Jessica (D:3)
  2 iguanas
  12 orc wizards
  Terence (D:2)
  3 scorpion zombies (Ossuary)
  2 human skeletons (D:4)
  2 mummies (Ossuary)
  8 gnolls
  9 adders
  A white imp (D:8)
  An ufetubus (D:5)
  2 worms
  59 orcs
  6 bats
  11 endoplasms
  4 giant cockroaches
  6 goblins
  10 hobgoblins
  6 jackals
  6 quokkas
  6 ball pythons
  4 frilled lizards
  3 gnoll zombies (Ossuary)
  3 goblin zombies (Ossuary)
  2 hobgoblin zombies (Ossuary)
  12 kobolds
  2 orc skeletons (D:4)
  An orc zombie (Ossuary)
  6 rats
  A bush (Lair:1)
975 creatures vanquished.

Vanquished Creatures (collateral kills)
  A red draconian (Volcano)
  A merfolk impaler (Shoals:4)
  A merfolk avatar (Shoals:4)
  A two-headed ogre (Orc:2)
  A skyshark (Shoals:1)
  An orb spider (Spider:4)
  A harpy (Shoals:4)
  2 fauns (Shoals:2)
  A cyclops (Slime:1)
  A shining eye (Slime:1)
  A water nymph (Shoals:4)
  A wind drake (Shoals:1)
  A merfolk (Shoals:1)
  A snapping turtle (Shoals:1)
  2 slime creatures
  A basilisk (Lair:5)
  2 golden eyes (Slime:1)
  A centaur (D:5)
  2 ogres
  A scorpion (Ossuary)
  A jelly (D:5)
  A mummy (Ossuary)
  A white imp (D:5)
  An orc (D:5)
  A gnoll zombie (Ossuary)
  A goblin zombie (Ossuary)
  A kobold zombie (Ossuary)
  An orc zombie (Ossuary)
32 creatures vanquished.

Vanquished Creatures (others)
  A dancing weapon (D:12)
  An elephant (Lair:5)
  A torpor snail (Spider:1)
  A yaktaur (Volcano)
  A slime creature (Slime:5)
  2 yaks (D:10)
  A human (Shoals:3)
  A golden eye (Slime:1)
  A centaur (Volcano)
  2 killer bees (D:9)
  A human zombie (Ossuary)
  A sky beast zombie (Ossuary)
  A bush (Lair:2)
  22 fungi
  86 plants
  18 tentacles (Shoals:2)
  13 withered plants (Lair:5)
154 creatures vanquished.

Grand Total: 1161 creatures vanquished

Notes
Turn   | Place    | Note
-------+----------+-------------------------------------------
     0 | D:1      | Kis the Minotaur Chaos Knight began the quest for the Orb.
     0 | D:1      | Reached XP level 1. HP: 19/19 MP: 0/0
   245 | D:1      | Reached XP level 2. HP: 27/27 MP: 1/1
   515 | D:1      | XOM: stat loss: -1 Dex (8/9)
   796 | D:2      | Reached XP level 3. HP: 32/34 MP: 2/2
  1250 | D:2      | Found a shimmering altar of Xom.
  1278 | D:2      | Noticed Terence
  1280 | D:2      | Found Saimoih's Distillery.
  1300 | D:2      | Killed Terence
  1301 | D:2      | Reached XP level 4. HP: 4/41 MP: 3/3
  1449 | D:2      | XOM: give mutations
  1449 | D:2      | Gained mutation: You expend magic power (3 MP) to
                  | strengthen your wands. [Xom's mischief]
  1449 | D:2      | Gained mutation: You have large cloven feet. [Xom's
                  | mischief]
  1449 | D:2      | Gained mutation: Your natural rate of healing is unusually
                  | fast. [Xom's mischief]
  1449 | D:2      | Gained mutation: You are partially covered in iridescent
                  | scales. (AC +2) [Xom's mischief]
  1682 | D:2      | XOM: silly message
  1712 | D:2      | XOM: swap monsters
  1858 | D:3      | Reached skill level 5 in Maces & Flails
  1948 | D:3      | XOM: 2-stop teleportation journey
  1972 | D:3      | XOM: summons 3 hostile shadow creatures
  2259 | D:3      | Reached XP level 5. HP: 47/47 MP: 4/4
  2400 | D:3      | Found a runed translucent door.
  2401 | D:3      | Noticed Crazy Yiuf
  2404 | D:3      | XOM: silly message
  2406 | D:3      | Killed Crazy Yiuf
  2599 | D:3      | Noticed Sigmund
  2608 | D:3      | Killed Sigmund
  2609 | D:3      | Reached skill level 5 in Fighting
  2609 | D:3      | Reached XP level 6. HP: 46/56 MP: 5/5
  2643 | D:3      | Noticed Jessica
  2645 | D:3      | Killed Jessica
  2646 | D:3      | Reached skill level 1 in Staves
  2737 | D:3      | Reached skill level 1 in Stealth
  3103 | D:4      | XOM: 3-stop teleportation journey
  3104 | D:4      | Noticed Menkaure
  3107 | D:4      | XOM: blink monster(s)
  3117 | D:4      | XOM: polymorph endoplasm -> giant cockroach
  3119 | D:4      | Killed Menkaure
  3120 | D:4      | Reached skill level 2 in Staves
  3120 | D:4      | Reached XP level 7. HP: 24/61 MP: 6/6
  3246 | D:4      | Reached skill level 3 in Staves
  3246 | D:4      | Reached skill level 5 in Armour
  3247 | D:4      | Found a sand-covered staircase.
  3257 | Ossuary  | Entered an ossuary
  3324 | Ossuary  | XOM: polymorph scorpion -> sky beast
  3326 | Ossuary  | XOM: noise
  3329 | Ossuary  | XOM: confusion (+ monsters)
  3336 | Ossuary  | XOM: enchant monster (good)
  3344 | Ossuary  | Reached skill level 4 in Staves
  3356 | Ossuary  | Reached XP level 8. HP: 52/70 MP: 7/7
  3419 | Ossuary  | Reached skill level 5 in Staves
  3516 | Ossuary  | XOM: cast spell 'Call Canine Familiar'
  3521 | Ossuary  | XOM: potion effect (invisibility)
  3538 | Ossuary  | Reached skill level 6 in Staves
  3539 | Ossuary  | XOM: divination: detect creatures
  3640 | Ossuary  | XOM: divination: magic mapping
  3885 | D:4      | XOM: give mutations
  3885 | D:4      | Gained mutation: You are frail. (-10% HP) [Xom's mischief]
  3885 | D:4      | Gained mutation: You occasionally lose the ability to drink
                  | potions when taking damage. [Xom's mischief]
  3943 | D:4      | Found a staircase to the Ecumenical Temple.
  4075 | D:4      | Reached skill level 7 in Staves
  4285 | D:4      | Found a snail-covered altar of Cheibriados.
  4285 | D:4      | Found a white marble altar of Elyvilon.
  4330 | D:4      | XOM: god gift: shortbow {god gift}
  4368 | D:5      | Entered Level 5 of the Dungeon
  4447 | D:5      | XOM: noise
  4453 | D:5      | XOM: butterfly on damage
  4543 | D:5      | Reached skill level 5 in Dodging
  4543 | D:5      | Reached XP level 9. HP: 70/70 MP: 8/8
  4685 | D:5      | Found a faded altar of an unknown god.
  4712 | D:5      | XOM: 6-stop teleportation journey
  4983 | D:5      | Identified the ring of Woorig {rPois rC- Dex+6 Slay+3} (Xom
                  | gifted it to you on level 5 of the Dungeon)
  4983 | D:5      | XOM: god gift: ring of Woorig {rPois rC- Dex+6 Slay+3}
  5031 | D:5      | XOM: blink monster(s)
  5278 | D:6      | Reached skill level 8 in Staves
  5457 | D:6      | Noticed Maggie
  5457 | D:6      | XOM: enchant monster (good)
  5520 | D:6      | XOM: confuse monster(s)
  5530 | D:6      | Killed Maggie
  5632 | D:6      | Reached skill level 9 in Staves
  5678 | D:6      | XOM: god gift: tin of tremorstones (2/2)
  5734 | D:6      | XOM: divination: magic mapping
  5851 | D:6      | XOM: divination: magic mapping
  6127 | D:7      | XOM: noise
  6141 | D:7      | XOM: cast spell 'Disjunction'
  6151 | D:7      | XOM: cast spell 'Metabolic Englaciation'
  6328 | D:7      | Noticed Duvessa
  6329 | D:7      | Noticed Dowan
  6346 | D:7      | Killed Duvessa
  6357 | D:7      | Killed Dowan
  6475 | D:7      | Noticed Prince Ribbit
  6503 | D:7      | Killed Prince Ribbit
  6515 | D:7      | Reached XP level 10. HP: 79/79 MP: 9/9
  6517 | D:7      | Reached skill level 10 in Staves
  6599 | D:7      | XOM: scenery: summon butterflies
  6813 | D:7      | Found Xoepidi's Jewellery Shoppe.
  7081 | D:7      | XOM: silly message
  7175 | D:7      | XOM: cloud trail
  7418 | D:7      | XOM: silly message
  7632 | D:8      | Noticed Maurice
  7644 | D:8      | Killed Maurice
  7645 | D:8      | XOM: cloud trail
  7843 | D:8      | Found a runed translucent gate.
  7843 | D:8      | Found a runed translucent gate.
  7843 | D:8      | Found a runed translucent gate.
  7843 | D:8      | Noticed a green ugly thing
  7843 | D:8      | Noticed a green ugly thing
  7844 | D:8      | Noticed a brown ugly thing
  7844 | D:8      | Noticed a purple ugly thing
  7844 | D:8      | Noticed a glowing orange brain
  7950 | D:8      | Upgraded the game from 0.30-a0-778-g2ef04afb54 to
                  | 0.30-a0-782-ge64f9170bb
  8280 | D:8      | XOM: 4-stop teleportation journey
  8586 | D:9      | XOM: 9-stop teleportation journey
  8751 | D:9      | Noticed a rust devil
  8753 | D:9      | XOM: enchant monster (good)
  8764 | D:9      | Reached skill level 11 in Staves
  8925 | D:9      | XOM: confuse monster(s)
  9384 | D:10     | Entered Level 10 of the Dungeon
  9490 | D:10     | Noticed Snorg
  9512 | D:10     | Killed Snorg
  9758 | D:10     | XOM: noise
  9760 | D:10     | XOM: god gift: wand of charming (4)
  9761 | D:10     | Reached skill level 12 in Staves
  9766 | D:10     | Reached XP level 11. HP: 87/87 MP: 10/10
  9766 | D:10     | Noticed a two-headed ogre
  9769 | D:10     | Reached skill level 1 in Evocations
  9787 | D:10     | Killed a two-headed ogre
  9844 | D:10     | XOM: polymorph killer bee -> jelly
  9946 | D:10     | Reached skill level 10 in Fighting
  9947 | D:10     | XOM: scenery: summon butterflies
 10012 | D:10     | Identified the +9 quarterstaff "Mayfa" {heavy, rN+ rCorr
                  | SInv}
 10106 | D:10     | You fall into a shaft and drop 3 floors!
 10125 | D:12     | XOM: noise
 10127 | D:12     | Noticed Frances
 10243 | D:12     | Noticed Nessos
 10343 | D:10     | XOM: divine lightning
 10344 | D:10     | Reached skill level 13 in Staves
 10797 | D:11     | XOM: destruction
 10806 | D:11     | XOM: blink monster(s)
 11068 | D:11     | XOM: scenery: summon butterflies
 11121 | D:11     | XOM: scenery: summon butterflies
 11330 | D:11     | Found a staircase to the Orcish Mines.
 11333 | D:11     | XOM: divination: detect items
 11657 | D:11     | Found a staircase to the Lair.
 11813 | D:11     | XOM: summons 2 hostile shadow creatures
 11848 | D:11     | Noticed a purple ugly thing
 11862 | D:11     | Killed a purple ugly thing
 11863 | D:11     | Reached skill level 5 in Stealth
 11956 | D:11     | Reached skill level 1 in Throwing
 11993 | D:11     | XOM: god gift: 7 gold pieces
 12139 | D:11     | XOM: noise
 12296 | Orc:1    | Entered Level 1 of the Orcish Mines
 12296 | Orc:1    | Found Wieleg's Overcharged Wands.
 12301 | Orc:1    | Noticed an orc knight
 12309 | Orc:1    | XOM: summons friendly ufetubus
 12313 | Orc:1    | XOM: summons friendly ufetubus
 12324 | Orc:1    | Killed an orc knight
 12325 | Orc:1    | Reached skill level 14 in Staves
 12523 | Orc:1    | XOM: enchant monster (good)
 12677 | Orc:2    | Entered Level 2 of the Orcish Mines
 12677 | Orc:2    | Noticed a deep troll
 12677 | Orc:2    | Noticed a two-headed ogre
 12677 | Orc:2    | Noticed a two-headed ogre
 12677 | Orc:2    | Noticed a two-headed ogre
 12677 | Orc:2    | Noticed an ogre mage
 12677 | Orc:2    | Noticed a two-headed ogre
 12677 | Orc:2    | Noticed a two-headed ogre
 12677 | Orc:2    | Noticed an ettin
 12677 | Orc:2    | Noticed an ettin
 12677 | Orc:2    | Found Biych's Assorted Antiques.
 12677 | Orc:2    | Found Luopholui's Assorted Antiques.
 12677 | Orc:2    | Found Buoxewn's Magic Scroll Boutique.
 12678 | Orc:2    | Noticed a two-headed ogre
 12681 | Orc:2    | Noticed a two-headed ogre
 12683 | Orc:2    | XOM: cast spell 'Monstrous Menagerie'
 12684 | Orc:2    | Noticed an orc sorcerer
 12693 | Orc:2    | XOM: butterfly on damage
 12769 | Orc:2    | XOM: polymorph cyclops -> swamp worm
 12782 | Orc:2    | Reached XP level 12. HP: 99/99 MP: 11/11
 12843 | Orc:2    | XOM: chaos upgrade
 12924 | Orc:1    | Killed a two-headed ogre
 13015 | Orc:1    | Killed a two-headed ogre
 13015 | Orc:1    | XOM: swap monsters
 13089 | Orc:1    | Killed a two-headed ogre
 13140 | Orc:2    | XOM: summons 12 friendly demons
 13146 | Orc:2    | Killed a two-headed ogre
 13164 | Orc:2    | Noticed an ogre mage
 13194 | Orc:1    | Killed an ogre mage
 13255 | Orc:2    | Reached skill level 10 in Dodging
 13323 | Orc:1    | Killed an ettin
 13367 | Orc:2    | Reached skill level 15 in Staves
 13481 | Orc:2    | XOM: cast spell 'Cause Fear'
 13502 | Orc:2    | XOM: blink monster(s)
 13512 | Orc:2    | XOM: polymorph troll -> wind drake
 13556 | Orc:2    | XOM: potion effect (invisibility)
 13561 | Orc:2    | XOM: enchant monster (good)
 13615 | Orc:2    | XOM: butterfly on damage
 13616 | Orc:2    | Killed an ettin
 13922 | Orc:2    | XOM: chaos cloud
 13930 | Orc:1    | Killed a two-headed ogre
 13966 | Orc:2    | Killed an ogre mage
 14007 | Orc:2    | Noticed Josephine
 14017 | Orc:2    | Killed Josephine
 14017 | Orc:2    | XOM: scenery: create altars
 14032 | Orc:2    | Reached XP level 13. HP: 104/107 MP: 12/12
 14033 | Orc:2    | XOM: enchant monster (bad)
 14067 | Orc:2    | Found Vaesso's Distillery.
 14071 | Orc:2    | XOM: potion effect (invisibility)
 14181 | Orc:2    | XOM: noise
 14236 | Orc:2    | Found a staircase to the Elven Halls.
 14272 | Orc:2    | XOM: god gift: 16 gold pieces
 14344 | Orc:2    | Bought a scroll of identify for 22 gold pieces
 14344 | Orc:2    | Bought a scroll of identify for 22 gold pieces
 14346 | Orc:2    | Bought a scroll of magic mapping for 82 gold pieces
 14346 | Orc:2    | Bought a scroll of teleportation for 33 gold pieces
 14346 | Orc:2    | Bought a scroll of teleportation for 33 gold pieces
 14353 | Orc:2    | Bought a scroll of identify for 44 gold pieces
 14362 | Orc:2    | Bought a scroll of identify for 52 gold pieces
 14362 | Orc:2    | Bought a scroll of identify for 52 gold pieces
 14362 | Orc:2    | Bought a scroll of identify for 52 gold pieces
 14577 | Lair:1   | Entered Level 1 of the Lair of Beasts
 14701 | Lair:1   | XOM: noise
 14706 | Lair:1   | XOM: potion effect (curing)
 14708 | Lair:1   | XOM: divination: magic mapping
 14809 | Lair:1   | XOM: silly message
 14861 | Lair:1   | Learned a level 3 spell: Dazzling Flash
 14966 | Lair:1   | XOM: cast spell 'Metabolic Englaciation'
 14977 | Lair:1   | Reached skill level 16 in Staves
 14978 | Lair:1   | XOM: summons friendly shadow imp
 15040 | Lair:1   | XOM: confusion (+ monsters)
 15275 | Lair:1   | XOM: smoke on damage
 15753 | Lair:1   | XOM: cleaving
 15814 | Lair:1   | XOM: swap monsters
 15816 | Lair:1   | XOM: scenery: summon butterflies
 15826 | Lair:1   | XOM: scenery: create altars
 15834 | Lair:1   | XOM: cleaving
 16237 | Lair:2   | XOM: noise
 16256 | Lair:2   | XOM: give mutations
 16256 | Lair:2   | Lost mutation: You expend magic power (3 MP) to strengthen
                  | your wands. [Xom's mischief]
 16256 | Lair:2   | Gained mutation: Your magical capacity is low. (-10% MP)
                  | [Xom's mischief]
 16256 | Lair:2   | Lost mutation: You occasionally lose the ability to drink
                  | potions when taking damage. [Xom's mischief]
 16348 | Lair:2   | Found a staircase to the Shoals.
 16381 | Lair:2   | XOM: confusion (+ monsters)
 16402 | Lair:2   | XOM: polymorph yak -> komodo dragon
 16498 | Lair:2   | XOM: enchant monster (bad)
 16505 | Lair:2   | Found a hole to the Spider Nest.
 16505 | Lair:2   | XOM: 1-stop teleportation journey
 16511 | Lair:2   | Reached skill level 1 in Spellcasting
 16574 | Lair:2   | Reached skill level 1 in Conjurations
 16701 | Lair:2   | XOM: scenery: create altars
 16904 | Lair:2   | Reached skill level 1 in Hexes
 17020 | Lair:2   | XOM: fog
 17058 | Lair:2   | XOM: enchant monster (good)
 17112 | Lair:2   | XOM: divination: magic mapping
 17210 | Lair:2   | XOM: god gift: +0 staff of Battle
 17211 | Lair:2   | Found the +0 staff of Battle
 17308 | Lair:3   | XOM: 2-stop teleportation journey
 17505 | Lair:3   | XOM: polymorph cane toad -> human
 17772 | Lair:3   | Identified the +4 war axe of Dishonour {heavy, *Slow rPois
                  | rF+ Will+}
 17788 | Lair:3   | XOM: enchant monster (good)
 17925 | Lair:3   | XOM: noise
 17941 | Lair:3   | XOM: confusion (+ monsters)
 17943 | Lair:3   | Reached XP level 14. HP: 108/118 MP: 13/13
 17965 | Lair:3   | XOM: scenery: summon butterflies
 18061 | Lair:3   | XOM: 2-stop teleportation journey
 18189 | Lair:3   | XOM: polymorph rime drake -> wyvern
 18355 | Lair:3   | XOM: god gift: 2 javelins
 18398 | Lair:4   | Found a dark tunnel.
 18402 | Volcano  | Entered a volcano
 18514 | Volcano  | XOM: give mutations
 18514 | Volcano  | Gained mutation: You are very frail. (-20% HP) [Xom's
                  | mischief]
 18514 | Volcano  | Gained mutation: Your body sometimes deteriorates upon
                  | taking damage. [Xom's mischief]
 18514 | Volcano  | Lost mutation: You are partially covered in iridescent
                  | scales. (AC +2) [Xom's mischief]
 18680 | Volcano  | XOM: god gift: +1 great mace of chaos
 18694 | Volcano  | XOM: summons 3 friendly demons
 18695 | Volcano  | XOM: divine lightning
 18725 | Volcano  | Found a burning altar of Makhleb.
 18750 | Volcano  | Identified the +7 quarterstaff of Himulotz {drain, rF+
                  | Will- Int+2}
 18851 | Lair:4   | XOM: scenery: summon butterflies
 18962 | Lair:4   | XOM: snakes to sticks
 19232 | Lair:4   | XOM: 3-stop teleportation journey
 19278 | Lair:4   | XOM: give mutations
 19278 | Lair:4   | Gained mutation: Your muscles are strong. (Str +4, Int/Dex
                  | -1) [Xom's grace]
 19278 | Lair:4   | Gained mutation: You are resistant to electric shocks.
                  | (rElec) [Xom's grace]
 19536 | Lair:4   | XOM: summons 2 hostile demons
 19543 | Lair:4   | XOM: noise
 19948 | Lair:5   | Entered Level 5 of the Lair of Beasts
 20000 | Lair:5   | XOM: summons 2 friendly demons
 20005 | Lair:5   | XOM: swap monsters
 20318 | Lair:5   | XOM: enchant monster (good)
 20346 | Lair:5   | Found a shimmering blue altar of Sif Muna.
 20492 | Lair:5   | XOM: confuse monster(s)
 20509 | Lair:5   | XOM: cast spell 'Summon Horrible Things'
 20517 | Lair:5   | XOM: polymorph large abomination -> large abomination
 20524 | Lair:5   | Reached skill level 17 in Staves
 20646 | Lair:5   | XOM: cast spell 'Call Canine Familiar'
 20692 | Lair:5   | XOM: give mutations
 20692 | Lair:5   | Gained mutation: You possess an exceptional clarity of
                  | mind. [Xom's grace]
 20692 | Lair:5   | Gained mutation: You are agile. (Dex +4, Str/Int -1) [Xom's
                  | grace]
 20692 | Lair:5   | Gained mutation: Your flesh is heat resistant. (rF+) [Xom's
                  | grace]
 20692 | Lair:5   | Lost mutation: You are very frail. (-20% HP) [Xom's grace]
 20800 | Lair:5   | Found a staircase to the Slime Pits.
 20800 | Lair:5   | Found a viscous altar of Jiyva.
 20889 | Lair:5   | Reached skill level 15 in Fighting
 20896 | Lair:5   | Found the +6 arbalest "Damnation" {damnation}
 20928 | Lair:5   | XOM: summons 4 friendly demons
 20934 | Lair:5   | XOM: enchant monster (good)
 21011 | Lair:5   | Identified the +1 pair of boots of Fapaic {rCorr SInv} (Xom
                  | gifted it to you on level 5 of the Lair of Beasts)
 21011 | Lair:5   | XOM: god gift: +1 pair of boots of Fapaic {rCorr SInv}
 21177 | Lair:5   | Identified the ring of Dovewk {Wiz rC+ Str+3 Slay-2}
 21228 | Lair:5   | XOM: summons 3 friendly demons
 21344 | Lair:5   | XOM: enchant monster (bad)
 21349 | Lair:5   | XOM: blink monster(s)
 21351 | Lair:5   | XOM: chaos cloud
 21403 | Lair:5   | XOM: give mutation
 21403 | Lair:5   | Gained mutation: You occasionally shout uncontrollably at
                  | your foes. [Xom's mischief]
 21431 | Lair:5   | XOM: summons 8 hostile demons
 21605 | Lair:5   | XOM: divine lightning
 21687 | Lair:5   | XOM: divine lightning
 21913 | Spider:1 | Entered Level 1 of the Spider Nest
 21916 | Spider:1 | XOM: 1-stop teleportation journey
 22041 | Spider:1 | XOM: enchant monster (good)
 22050 | Spider:1 | XOM: silly message
 22548 | Spider:1 | Noticed Donald
 22557 | Spider:1 | XOM: potion effect (haste)
 22562 | Spider:1 | Killed Donald
 22563 | Spider:1 | Reached XP level 15. HP: 126/126 MP: 15/15
 23209 | Spider:1 | XOM: enchant monster (good)
 23650 | Spider:2 | Learned a level 3 spell: Tukima's Dance
 23654 | Spider:2 | Learned a level 3 spell: Call Canine Familiar
 23658 | Spider:2 | Learned a level 3 spell: Portal Projectile
 23662 | Spider:2 | Learned a level 3 spell: Frozen Ramparts
 23758 | Spider:2 | XOM: scenery: create altars
 23800 | Spider:2 | Identified the ring "Ipsua" {rPois rC+ Int+2 Dex-2}
 23811 | Spider:2 | XOM: divination: detect creatures
 24300 | Spider:2 | XOM: summons 2 friendly demons
 24398 | Spider:2 | Reached skill level 18 in Staves
 24642 | Spider:3 | Noticed an emperor scorpion
 24659 | Spider:3 | Killed an emperor scorpion
 24714 | Spider:3 | XOM: cast spell 'Statue Form'
 24729 | Spider:3 | XOM: confuse monster(s)
 24838 | Spider:3 | XOM: cast spell 'Summon Small Mammal'
 24877 | Spider:3 | XOM: god gift: agate ring {god gift}
 24920 | Spider:3 | XOM: noise
 24928 | Spider:3 | XOM: confuse monster(s)
 24978 | Spider:3 | XOM: silly message
 25007 | Spider:3 | XOM: divination: magic mapping
 25084 | Spider:3 | XOM: 12-stop teleportation journey
 25219 | Spider:3 | Gained mutation: Your body often deteriorates upon taking
                  | damage. [mutagenic glow]
 25351 | Spider:4 | Entered Level 4 of the Spider Nest
 25364 | Spider:4 | XOM: divination: magic mapping
 25406 | Spider:4 | XOM: summons friendly orange demon
 25416 | Spider:4 | Reached skill level 10 in Stealth
 25418 | Spider:4 | XOM: give mutations
 25418 | Spider:4 | Gained mutation: You are strong-willed. (Will+) [Xom's
                  | grace]
 25418 | Spider:4 | Lost mutation: You have large cloven feet. [Xom's grace]
 25418 | Spider:4 | Gained mutation: You have sharp toenails. [Xom's grace]
 25418 | Spider:4 | Gained mutation: You are partially covered in iridescent
                  | scales. (AC +2) [Xom's grace]
 25418 | Spider:4 | Lost mutation: You have sharp toenails. [Xom's grace]
 25418 | Spider:4 | Gained mutation: You have large cloven feet. [Xom's grace]
 25450 | Spider:4 | XOM: god gift: potion of berserk rage
 25462 | Spider:4 | XOM: enchant monster (good)
 25462 | Spider:4 | Noticed an emperor scorpion
 25467 | Spider:4 | XOM: destruction
 25470 | Spider:4 | XOM: polymorph tarantella -> entropy weaver
 25474 | Spider:4 | XOM: polymorph entropy weaver -> polar bear
 25487 | Spider:4 | XOM: cast spell 'Dispersal'
 25488 | Spider:4 | XOM: potion effect (curing)
 25489 | Spider:4 | XOM: confuse monster(s)
 25491 | Spider:4 | XOM: confuse monster(s)
 25544 | Spider:4 | XOM: chaos cloud
 25607 | Spider:4 | XOM: polymorph broodmother -> alligator
 25806 | Spider:4 | Identified the ring of Jostotah {Fire rN+}
 25906 | Spider:4 | XOM: confuse monster(s)
 25914 | Spider:4 | XOM: chaos cloud
 25920 | Spider:4 | Killed an emperor scorpion
 25954 | Spider:4 | XOM: polymorph redback -> wind drake
 25963 | Spider:4 | XOM: noise
 26007 | Spider:4 | XOM: give mutations
 26007 | Spider:4 | Lost mutation: Your body often deteriorates upon taking
                  | damage. [Xom's mischief]
 26007 | Spider:4 | Lost mutation: Your flesh is heat resistant. (rF+) [Xom's
                  | mischief]
 26007 | Spider:4 | Lost mutation: You are strong-willed. (Will+) [Xom's
                  | mischief]
 26007 | Spider:4 | Lost mutation: Your body sometimes deteriorates upon taking
                  | damage. [Xom's mischief]
 26050 | Spider:4 | XOM: summons friendly iron imp
 26055 | Spider:4 | XOM: polymorph wolf spider -> shapeshifter
 26062 | Spider:4 | Reached skill level 1 in Summonings
 26242 | Spider:4 | Reached XP level 16. HP: 138/138 MP: 13/16
 26386 | Spider:4 | XOM: give mutations
 26386 | Spider:4 | Gained mutation: Your mind is acute. (Int +4, Str/Dex -1)
                  | [Xom's grace]
 26386 | Spider:4 | Gained mutation: You are very agile. (Dex +8, Str/Int -2)
                  | [Xom's grace]
 26386 | Spider:4 | Gained mutation: You are strong-willed. (Will+) [Xom's
                  | grace]
 26570 | Spider:4 | XOM: potion effect (brilliance)
 26616 | Spider:4 | XOM: summons friendly quasit
 26903 | Spider:4 | Got a gossamer rune of Zot
 27242 | Lair:2   | Learned a level 4 spell: Summon Ice Beast
 27311 | Lair:2   | XOM: noise
 27500 | Shoals:1 | Entered Level 1 of the Shoals
 27667 | Shoals:1 | XOM: summons 2 friendly demons
 27853 | Shoals:1 | XOM: snakes to sticks
 27910 | Shoals:1 | XOM: enchant monster (good)
 27954 | Shoals:1 | XOM: cast spell 'Monstrous Menagerie'
 27989 | Shoals:1 | XOM: polymorph manticore -> mana viper
 27992 | Shoals:1 | Found a runed translucent gate.
 27992 | Shoals:1 | Found a runed translucent gate.
 28001 | Shoals:1 | Found a runed translucent gate.
 28010 | Shoals:1 | XOM: chaos upgrade
 28034 | Shoals:1 | Found Jicih's CLEARANCE SALE!.
 28055 | Shoals:1 | Noticed Yvi Waipe's ghost (adept DsGl)
 28078 | Shoals:1 | XOM: summons friendly crimson imp
 28086 | Shoals:1 | XOM: enchant monster (good)
 28112 | Shoals:1 | Identified a scroll of acquirement
 28113 | Shoals:1 | Acquired 1280 gold pieces
 28126 | Shoals:1 | Reached skill level 1 in Ice Magic
 28144 | Shoals:1 | XOM: enchant monster (bad)
 28319 | Shoals:1 | XOM: confuse monster(s)
 28444 | Shoals:1 | Found a transporter.
 28596 | Shoals:1 | XOM: polymorph ice beast -> sky beast
 29259 | Shoals:1 | Found a transporter.
 29309 | Shoals:2 | XOM: swap monsters
 29415 | Shoals:2 | XOM: cast spell 'Statue Form'
 29416 | Shoals:2 | XOM: noise
 29449 | Shoals:2 | XOM: confuse monster(s)
 29543 | Shoals:2 | Identified the +2 robe of the Morning Star {rN+}
 29590 | Shoals:2 | Reached skill level 15 in Dodging
 30020 | Shoals:2 | Noticed a kraken
 30102 | Shoals:3 | XOM: swap monsters
 30151 | Shoals:3 | Noticed Louise
 30165 | Shoals:3 | XOM: silly message
 30167 | Shoals:3 | Noticed Kirke
 30176 | Shoals:3 | Killed Louise
 30180 | Shoals:3 | XOM: destruction
 30199 | Shoals:3 | Killed Kirke
 30440 | Shoals:2 | XOM: silly message
 30440 | Shoals:2 | XOM: butterfly on damage
 30456 | Shoals:2 | XOM: blink monster(s)
 30468 | Shoals:2 | XOM: enchant monster (bad)
 30577 | Shoals:2 | XOM: divination: detect creatures
 30629 | Shoals:2 | XOM: enchant monster (bad)
 30674 | Shoals:2 | XOM: polymorph faun -> anaconda
 30680 | Shoals:2 | Reached skill level 5 in Summonings
 30808 | Shoals:2 | Learned a level 4 spell: Cause Fear
 30826 | Shoals:2 | Reached skill level 5 in Evocations
 30887 | Shoals:2 | XOM: swap monsters
 30906 | Shoals:2 | Killed a kraken
 31050 | Shoals:2 | XOM: noise
 31191 | Shoals:3 | XOM: polymorph ice beast -> killer bee
 31192 | Shoals:3 | XOM: 2-stop teleportation journey
 31459 | Shoals:3 | XOM: enchant monster (bad)
 31633 | Shoals:3 | XOM: polymorph ice beast -> electric eel
 31699 | Shoals:3 | XOM: noise
 31887 | Shoals:4 | Entered Level 4 of the Shoals
 31915 | Shoals:4 | XOM: 1-stop teleportation journey
 31918 | Shoals:4 | XOM: silly message
 31920 | Shoals:4 | XOM: summons friendly ufetubus
 31921 | Shoals:4 | XOM: enchant monster (good)
 31953 | Shoals:4 | Reached XP level 17. HP: 141/146 MP: 12/20
 31959 | Shoals:4 | XOM: summons friendly iron imp
 32017 | Shoals:4 | XOM: enchant monster (bad)
 32018 | Shoals:4 | Reached skill level 19 in Staves
 32297 | Shoals:4 | Noticed Aizul
 32322 | Shoals:4 | Found Ewumin's Gadget Gallery.
 32341 | Shoals:4 | Identified the +9 glaive of Bread {freeze, Str+2 Dex+2}
 32372 | Shoals:4 | XOM: blink monster(s)
 32377 | Shoals:3 | XOM: confuse monster(s)
 32380 | Shoals:3 | XOM: summons friendly quasit
 32391 | Shoals:3 | XOM: confuse monster(s)
 32418 | Shoals:4 | XOM: cast spell 'Death Channel'
 32435 | Shoals:4 | Reached skill level 1 in Polearms
 32600 | Shoals:4 | Identified the amulet "Buqas" {Faith Harm Will- Str+4
                  | Dex+6}
 32736 | Shoals:4 | XOM: silly message
 32893 | Shoals:4 | XOM: potion effect (brilliance)
 32898 | Shoals:4 | XOM: destruction
 32991 | Shoals:4 | XOM: give mutations
 32991 | Shoals:4 | Lost mutation: You are partially covered in iridescent
                  | scales. (AC +2) [Xom's mischief]
 32991 | Shoals:4 | Lost mutation: Your magical capacity is low. (-10% MP)
                  | [Xom's mischief]
 32991 | Shoals:4 | Lost mutation: You are very agile. (Dex +8, Str/Int -2)
                  | [Xom's mischief]
 32991 | Shoals:4 | Lost mutation: You occasionally shout uncontrollably at
                  | your foes. [Xom's mischief]
 33002 | Shoals:4 | XOM: enchant monster (good)
 33114 | Shoals:4 | XOM: give mutations
 33114 | Shoals:4 | Gained mutation: You are somewhat resistant to further
                  | mutation. [Xom's mischief]
 33114 | Shoals:4 | Lost mutation: You are strong-willed. (Will+) [Xom's
                  | mischief]
 33114 | Shoals:4 | Lost mutation: You are frail. (-10% HP) [Xom's mischief]
 33114 | Shoals:4 | Lost mutation: Your muscles are strong. (Str +4, Int/Dex
                  | -1) [Xom's mischief]
 33164 | Shoals:4 | XOM: 3-stop teleportation journey
 33167 | Shoals:4 | XOM: polymorph manticore -> water nymph
 33226 | Shoals:4 | XOM: summons 3 friendly demons
 33354 | Shoals:4 | Killed Aizul
 33355 | Shoals:4 | Reached skill level 5 in Polearms
 33386 | Shoals:4 | Reached skill level 5 in Spellcasting
 33398 | Shoals:4 | XOM: destruction
 33454 | Shoals:4 | Identified the ring of Mistrust {Fire Int+2}
 33605 | Shoals:4 | XOM: noise
 33635 | Shoals:4 | Got a barnacled rune of Zot
 33768 | Shoals:4 | XOM: swap monsters
 33901 | Shoals:4 | Bought a wand of mindburst (7) for 166 gold pieces
 33901 | Shoals:4 | Bought a wand of mindburst (9) for 214 gold pieces
 33945 | Shoals:3 | XOM: stat loss: -1 Int (13/14)
 34154 | D:12     | Killed Nessos
 34155 | D:12     | Noticed Rupert
 34243 | D:12     | Noticed Fannar
 34253 | D:12     | Killed Fannar
 34304 | D:12     | XOM: chaos cloud
 34439 | D:12     | XOM: potion effect (invisibility)
 34440 | D:12     | XOM: enchant monster (bad)
 34452 | D:12     | Found an opulent altar of Gozag.
 34851 | Slime:1  | Entered Level 1 of the Pits of Slime
 34853 | Slime:1  | XOM: summons 9 friendly demons
 34859 | Slime:1  | XOM: 3-stop teleportation journey
 34863 | Slime:1  | XOM: blink monster(s)
 34868 | Slime:1  | XOM: potion effect (invisibility)
 34868 | Slime:1  | Noticed an acid blob
 34882 | Slime:1  | XOM: cast spell 'Call Canine Familiar'
 34894 | Slime:1  | XOM: summons friendly white imp
 34934 | Slime:1  | XOM: 1-stop teleportation journey
 34936 | Slime:1  | XOM: divination: detect items
 34949 | Slime:1  | an acid blob changed into a shadow dragon
 34949 | Slime:1  | XOM: polymorph acid blob -> shadow dragon
 34966 | Slime:1  | XOM: confuse monster(s)
 34977 | Slime:1  | XOM: destruction
 35055 | Slime:1  | XOM: god gift: bone wand {god gift}
 35108 | Slime:1  | XOM: silly message
 35238 | Slime:1  | XOM: summons 1 hostile shadow creature
 35245 | Slime:1  | XOM: polymorph slime creature -> cyclops
 35247 | Slime:1  | XOM: scenery: summon butterflies
 35249 | Slime:1  | XOM: summons friendly shadow imp
 35259 | Slime:1  | XOM: chaos cloud
 35262 | Slime:1  | XOM: confuse monster(s)
 35478 | Slime:1  | XOM: cleaving
 35608 | Slime:2  | Noticed Dissolution
 35608 | Slime:2  | Noticed an acid blob
 35608 | Slime:2  | Noticed an acid blob
 35608 | Slime:2  | XOM: 6-stop teleportation journey
 35641 | Slime:2  | XOM: summons friendly shadow imp
 35646 | Slime:2  | XOM: confuse monster(s)
 35717 | Slime:2  | XOM: 4-stop teleportation journey
 35729 | Slime:1  | XOM: scenery: create altars
 35893 | Slime:1  | XOM: god gift: scroll of teleportation
 35918 | Slime:2  | XOM: noise
 35927 | Slime:1  | Killed an acid blob
 35953 | Slime:2  | Lost mutation: You are agile. (Dex +4, Str/Int -1) [a
                  | shining eye]
 35981 | Slime:2  | XOM: cast spell 'Summon Ice Beast'
 35986 | Slime:1  | Killed an acid blob
 35989 | Slime:1  | XOM: potion effect (might)
 35989 | Slime:1  | Gained mutation: Your body sometimes deteriorates upon
                  | taking damage. [a shining eye]
 35990 | Slime:1  | XOM: cast spell 'Summon Small Mammal'
 35992 | Slime:1  | Killed Dissolution
 36055 | Slime:1  | XOM: cloud trail
 36171 | Slime:2  | XOM: silly message
 36236 | Slime:3  | Noticed an acid blob
 36241 | Slime:3  | Killed an acid blob
 36253 | Slime:3  | Reached skill level 10 in Polearms
 36283 | Slime:3  | Noticed an acid blob
 36290 | Slime:3  | Killed an acid blob
 36342 | Slime:2  | XOM: divination: magic mapping
 36568 | Slime:4  | XOM: noise
 36601 | Slime:4  | XOM: silly message
 36607 | Slime:4  | XOM: scenery: summon butterflies
 36615 | Slime:4  | Reached XP level 18. HP: 94/173 MP: 21/24
 36881 | Slime:3  | XOM: cast spell 'Summon Mana Viper'
 37022 | Slime:3  | XOM: 3-stop teleportation journey
 37103 | Slime:4  | XOM: give mutation
 37103 | Slime:4  | Gained mutation: Your flesh is heat resistant. (rF+) [Xom's
                  | grace]
 37224 | Slime:5  | Entered Level 5 of the Pits of Slime
 37247 | Slime:5  | XOM: scenery: summon butterflies
 37250 | Slime:5  | XOM: summons friendly iron imp
 37252 | Slime:5  | XOM: divine lightning
 37427 | Slime:4  | XOM: scenery: create altars
 37663 | Slime:5  | XOM: fog
 37663 | Slime:5  | Paralysed by a great orb of eyes for 5 turns
 37665 | Slime:5  | Annihilated by an azure jelly

Illustrated notes

Levels and vault maps discovered:
D:1:      shiori_arrival_oz, layout_loops_ring
D:2:      cheibrodos_old_hovel, layout_basic, basic_altar, serial_shops,
          nicolae_shop_hallway_stairs, serial_bayou_pond_b,
          hangedman_abyss_or_decor_stabs, uniq_terence
D:3:      layout_loops_ring, minmay_strange_pillars,
          chequers_serial_rivers_large_b, hangedman_decor_opposing,
          kennysheep_another_room, uniq_jessica, uniq_sigmund,
          uniq_crazy_yiuf_cottage
D:4:      layout_rooms, gammafunk_temple_overflow_statue,
          minmay_temple_entry_glass, nicolae_ossuary_entry_catacombs,
          uniq_menkaure
D:5:      layout_cave_pods, serial_column_ruins, column_ruins_square_medium,
          column_ruins_temple_hall, column_ruins_corridor_T,
          column_ruins_corridor_corner, column_ruins_open_small,
          column_ruins_columns_straight, column_ruins_corridor_dead_end
D:6:      layout_loops_ring, corexii_shack, uniq_maggie
D:7:      layout_layer_cave, enter_bailey_4, serial_shops, shop,
          uniq_prince_ribbit1, uniq_duvessa
D:8:      layout_basic, ploomutoo_gammafunk_ghost_potion_laboratory,
          minmay_misc_feat_chi, dk_noncrumbling_4, uniq_maurice
D:9:      layout_loops_corners
D:10:     layout_roguey [special_room_bee], uniq_snorg
D:11:     nicolae_BIG_FREAKIN_CUBE, layout_stronghold, erik_orc_1,
          amethyst_killhole
D:12:     layout_loops_ring, portal_ice_cave_demonic_guard, moated_statue,
          nicolae_gozag_cash_rules_everything_around_me, uniq_frances,
          uniq_nessos, uniq_fannar, uniq_rupert
D:13:     layout_layer_cave
Lair:1:   wad_woods_04, layout_cellular_growth, infiniplex_staircase_pool
Lair:2:   layout_loops_ring, elwin_shoals_entry_rooms,
          spider_nest_entry_web_field
Lair:3:   layout_cave_pods, columned_hall_lemuel
Lair:4:   layout_cave_pods, nicolae_volcano_entry_lava_flow, minivault_24,
          st_stairs_12, hibernation_bobbens, infiniplex_staircase_pool_2
Lair:5:   due_jungle_book, layout_regular_city, slime_entry_1, basic_altar,
          grunt_megastairs_2
Shoals:1: gammafunk_sealed_arena, layout_shoals, gammafunk_ghost_tricky_traps,
          nicolae_shop_clearance
Shoals:2: layout_shoals
Shoals:3: layout_shoals, uniq_kirke, uniq_louise
Shoals:4: shoals_end_grunt_ice, layout_shoals, nicolae_shop_gadgets, uniq_aizul
Spider:1: layout_spider_delve, uniq_donald
Spider:2: layout_spider_delve, spiders_nest_spider_trap
Spider:3: layout_spider_delve
Spider:4: spider_rune_water
Slime:1:  layout_caves
Slime:2:  layout_caves, uniq_dissolution
Slime:3:  layout_caves
Slime:4:  layout_caves
Slime:5
Orc:1:    layout_diamond_mine, nicolae_shop_overcharged_wands
Orc:2:    st_orc_open, layout_caves, basic_altar, uniq_josephine

Skill      XL: |  1  2  3  4  5  6  7  8  9 10 11 12 13 14 15 16 17 18 |
---------------+-------------------------------------------------------+-----
Fighting       | 4 5 6 7 9 11 12 14 15 16 17 18 | 18.7
Maces & Flails | 4 5 6 |  6.3
Armour         | 3 4 5 6 7 |  7.5
Dodging        | 2 3 5 6 7 9 10 11 13 14 15 16 | 16.1
Staves         | 2 4 7 9 12 14 15 16 17 18 19 | 19.0
Stealth        | 1 2 3 4 5 6 8 9 10 11 | 11.2
Evocations     | 1 3 4 5 |  5.0
Throwing       | 1 2 |  2.4
Spellcasting   | 1 2 4 5 |  5.4
Conjurations   | 1 |  1.8
Hexes          | 1 2 |  2.0
Summonings     | 1 5 6 |  6.3
Ice Magic      | 2 3 |  3.5
Polearms       | 10 11 | 11.3

Action                     |  1- 3 |  4- 6 |  7- 9 | 10-12 | 13-15 | 16-18 || total
---------------------------+-------+-------+-------+-------+-------+-------++-------
  Melee: Mace              |    71 |    62 |       |       |       |       ||   133
         Headbutt          |     8 |     8 |    40 |    91 |   336 |   240 ||   723
         Kick              |       |    22 |    80 |    11 |     9 |     4 ||   126
         Quarterstaff      |       |    25 |   240 |   479 |  1196 |   462 ||  2402
         Glaive            |       |       |       |       |       |   388 ||   388
  Throw: Boomerang         |       |       |     4 |     1 |     3 |     8 ||    16
         Dart              |       |       |       |     1 |       |    14 ||    15
         Javelin           |       |       |       |       |     1 |     3 ||     4
         Throwing net      |       |       |       |       |       |     1 ||     1
   Cast: Dazzling Flash    |       |       |       |       |    16 |       ||    16
         Call Canine Famil |       |       |       |       |     8 |    15 ||    23
         Summon Ice Beast  |       |       |       |       |       |    99 ||    99
         Cause Fear        |       |       |       |       |       |     4 ||     4
         Tukima's Dance    |       |       |       |       |       |     2 ||     2
  Evoke: Piece from Xom's  |       |       |     1 |       |       |       ||     1
         Wand              |       |       |       |    25 |    23 |    15 ||    63
         Box of beasts     |       |       |       |       |     1 |     2 ||     3
    Use: Scroll            |     3 |     2 |     4 |    21 |    16 |    29 ||    75
         Potion            |       |       |       |     5 |    16 |    23 ||    44
   Stab: Confused          |       |       |     2 |     2 |    13 |     6 ||    23
         Paralysed         |       |       |     2 |       |     2 |       ||     4
         Invisible         |       |       |     4 |     1 |     9 |     3 ||    17
         Sleeping          |       |       |     4 |     2 |    21 |    16 ||    43
         Distracted        |       |       |       |     1 |     7 |    15 ||    23
         Petrified         |       |       |       |     3 |     2 |     2 ||     7
         Petrifying        |       |       |       |       |       |     4 ||     4
 Armour: Leather armour    |    36 |       |       |       |       |       ||    36
         Ring mail         |       |    42 |    98 |       |       |       ||   140
         Steam dragon scal |       |       |    10 |   147 |   268 |   220 ||   645
         Skin              |       |       |       |       |    23 |     4 ||    27
  Dodge: Dodged            |    51 |    73 |   133 |   343 |   864 |   943 ||  2407

Table legend: (Time is in decaauts)
 A = Elapsed time spent in this place.
 B = Non-inter-level travel time spent in this place.
 C = Inter-level travel time spent in this place.
 D = Time resting spent in this place.
 E = Time spent auto-exploring this place.
 F = Levels seen in this place.
 G = Mean time per level.
                   A        B        C        D        E       F      G
               +--------+--------+--------+--------+--------+-----+--------+
         Total |  38019 |  38019 |      0 |   3553 |      0 |  35 | 1086.3 |
       Dungeon |  12431 |  12431 |      0 |    461 |      0 |  13 |  956.2 |
          Lair |   7543 |   7543 |      0 |    640 |      0 |   5 | 1508.6 |
        Shoals |   7186 |   7186 |      0 |    696 |      0 |   4 | 1796.5 |
   Spider Nest |   5200 |   5200 |      0 |    461 |      0 |   4 | 1300.0 |
    Slime Pits |   2759 |   2759 |      0 |    709 |      0 |   5 |  551.8 |
  Orcish Mines |   2080 |   2080 |      0 |    560 |      0 |   2 | 1040.0 |
       Ossuary |    462 |    462 |      0 |      0 |      0 |   1 |  462.0 |
       Volcano |    354 |    354 |      0 |     24 |      0 |   1 |  354.0 |
               +--------+--------+--------+--------+--------+-----+--------+

Top non-repeatable levels by time:
Shoals:4: 2167 daAuts
Shoals:1: 1879 daAuts
Spider:1: 1837 daAuts
  Lair:5: 1830 daAuts
Shoals:2: 1715 daAuts
  Lair:1: 1699 daAuts
    D:11: 1684 daAuts
     D:7: 1597 daAuts
  Lair:2: 1592 daAuts
Spider:4: 1496 daAuts
Shoals:3: 1425 daAuts
     D:3: 1325 daAuts
   Orc:2: 1276 daAuts
  Lair:4: 1262 daAuts
    D:10: 1225 daAuts
